 Dungeon Crawl Stone Soup version 0.30-a0-341-g682706514a (webtiles) character file.

Game seed: 12740275628903033075

3729 purpskrrrp the Magician (level 10, -4/60 HPs)
             Began as a Djinni Cinder Acolyte on Nov 5, 2022.
             Was a High Priest of Ignis.
             Slain by a wight
             ... wielding a +0 scimitar
              (9 damage)
             ... on level 8 of the Dungeon.
             The game lasted 00:21:58 (7752 turns).

purpskrrrp the Magician (Djinni Cinder Acolyte)     Turns: 7752, Time: 00:21:59

Health: -4/60      AC:  4    Str: 19    XL:     10   Next: 36%
Gold:   321        EV: 13    Int: 24    God:    Ignis [*****.] SH:  0 Dex:  9

rFire   + + +      SeeInvis .    c - +7 Throatcutter {drain, coup de grace}
rCold   x . .      Faith    .    (no shield)
rNeg    . . .      Spirit   .    u - +2 robe {Will+}
rPois   ∞          Reflect  .    (no helmet)
rElec   .          Harm     .    B - scarf {repulsion}
rCorr   .          Rampage  .    (no gloves)
Will    ++...      Clarity  +    (boots unavailable)
Stlth   +.........               (no amulet)
HPRegen 0.30/turn                g - +6 ring of intelligence
MPRegen 0.00/turn                l - +6 ring of strength

@: flying, repel missiles
A: sickness immunity, fire resistance 2, cold vulnerability 1, float, innate
caster, HP casting, extra vitality 1, clarity, dopey 1, frail 1
a: Renounce Religion, Fiery Armour, Foxfire Swarm, Rising Flame


You were on level 8 of the Dungeon.
You worshipped Ignis.
Ignis was extremely pleased with you.
You visited 1 branch of the dungeon, and saw 8 of its levels.

You collected 321 gold pieces.

Inventory:

Hand Weapons
 a - a -1 falchion of flaming
 c - the +7 Throatcutter (weapon) {drain, coup de grace}
   (You found it on level 7 of the Dungeon)

   A truly terrible weapon, it drains the life of any living foe it strikes.
   It may instantly kill foes which have little health.
 i - the +5 whip of Living Offence {elec, rPois rF- rCorr Int+6}
   (You found it on level 2 of the Dungeon)

   It occasionally discharges a powerful burst of electricity upon striking a
   foe.
   Int:       It affects your intelligence (+6).
   rF:        It makes you vulnerable to fire.
   rPois:     It protects you from poison.
   rCorr:     It protects you from acid and corrosion.
 t - a +1 vorpal scythe
Missiles
 j - 4 curare-tipped darts
Armour
 b - a +2 robe
 h - a +0 cloak
 r - a +2 cloak
 u - a +2 robe of willpower (worn)
 B - a scarf of repulsion (worn)
Jewellery
 g - a +6 ring of intelligence (left hand)
 l - a +6 ring of strength (right hand)
Wands
 m - a wand of paralysis (18)
 v - a wand of flame (17)
 w - a wand of polymorph (3)
 z - a wand of digging (4)
Scrolls
 k - 4 scrolls of poison
 o - a scroll of teleportation
 p - 2 scrolls of magic mapping
Potions
 d - 2 potions of might
 e - a potion of invisibility
 n - 3 potions of flight
 q - a potion of cancellation
 s - a potion of magic
 x - a potion of haste {unknown}
 A - a potion of attraction {unknown}
 D - a potion of curing


   Skills:
 - Level 3.4 Fighting
 * Level 3.7 Long Blades
 - Level 7.0 Maces & Flails
 + Level 6.7 Dodging
 * Level 7.3 Spellcasting


You had 13 spell levels left.
You knew the following spells:

 Your Spells              Type           Power      Damage    Failure   Level
a - Scorch                Fire           88%        2d9       1%          2
b - Sting                 Tmut/Pois      100%       1d8       1%          1
c - Blink                 Tloc           88%        N/A       1%          2
d - Momentum Strike       Conj/Tloc      88%        3d10      1%          2
e - Spider Form           Tmut/Pois      44%        N/A       1%          3
Your spell library was empty.

Dungeon Overview and Level Annotations

Branches:
Dungeon (8/15)
 Temple: D:4-7         Lair: D:8-11

Altars:
Hepliaklqana
Uskayaw
Xom
Zin

Shops:
D:3 *   D:4 *

Annotations:
D:7 2 transporters, osoart's ghost, novice GnSu


Innate Abilities, Weirdness & Mutations

You are immune to sickness and miasma.
You are immune to poison.
Your flesh is very heat resistant. (rF++)
You are vulnerable to cold. (rC-)
You float through the air rather than walking.
You learn spells naturally, not from books.
Your magical power is your life essence.
You have superior vitality. (+4 MHP)
You possess an exceptional clarity of mind.
You are dopey. (Int -2)
You are frail. (-10% HP)


Message History

You kill the orc priest!
You miss something. Something hits you.
* * * LOW HITPOINT WARNING * * *
You slash something!
Reactivating autopickup.
You feel a bit more experienced.
Items here: ))) [[[ ††.
You feel a strong urge to attack something.
You are no longer berserk.
You are exhausted.
You feel yourself slow down.
You start resting.
You feel yourself speed up.
You start resting.
You recover from your berserk rage.
You start resting.
A wight is nearby!
A wight is nearby!
Items here: ))) [[[ ††.
You start resting.
A wight is nearby!
You are too injured to fight recklessly!
You are too injured to fight recklessly!
You are too injured to fight recklessly!
You barely miss the wight. The wight barely misses you.
You slash the wight!
The wight is heavily damaged.
The wight hits you with a +0 scimitar!
You hit the wight.
The wight is heavily damaged.
The wight hits you with a +0 scimitar.
* * * LOW HITPOINT WARNING * * *
You closely miss the wight.
The wight is heavily damaged.
The wight hits you with a +0 scimitar!
* * * LOW HITPOINT WARNING * * *
You hit the wight but do no damage.
The wight is heavily damaged.
The wight hits you with a +0 scimitar!
You die...

........#
#.##|.##....##......##
z.......#
#.##.......##.........
........#
#.##..#....#......#...
#########
#.##.#...##....##.###.
..#.##...##..##.....#.
###.#...##..##.......#
#.....##..##...##..#
#......#......###..#
#.#@..#...##...#....
#)##z.##...#.......# .
#..#.......#......#.
<...###......##.....####..
.....)........##...#####..
z...###..##....#..........
.. #.#.#.....###......#
#.##.##....#####.###
#.###.##.....###.#..


You could see a wight.

Vanquished Creatures
  Maggie (D:7)
  2 kobold demonologists (D:7)
  Sigmund (D:4)
  A water moccasin (D:7)
  3 orc warriors
  A sky beast (D:7)
  2 black bears
  An ogre (D:7)
  A phantom (D:7)
  5 kobold brigands (D:7)
  A gnoll sergeant (D:8)
  3 bullfrogs
  3 necrophages
  6 wights
  5 hounds
  5 orc priests
  3 jellies
  A gnoll bouda (D:3)
  Crazy Yiuf (D:4)
  Ijyb (D:4)
  Jessica (D:3)
  Natasha (thrice) (D:4)
  8 orc wizards
  11 gnolls
  4 adders
  2 shadow imps
  A white imp (D:6)
  3 dart slugs
  21 orcs
  12 endoplasms
  4 giant cockroaches
  10 goblins
  10 hobgoblins
  2 jackals (D:2)
  9 kobolds
  5 quokkas
  7 ball pythons
  3 bats
  4 frilled lizards
  2 rats
169 creatures vanquished.

Notes
Turn   | Place    | Note
-------+----------+-------------------------------------------
     0 | D:1      | purpskrrrp the Djinni Cinder Acolyte began the quest for
                  | the Orb.
     0 | D:1      | purpskrrrp set off with the following spells memorised:
                  | Scorch.
     0 | D:1      | Reached XP level 1. HP: 20/20 MP: 0/0
   200 | D:1      | Reached XP level 2. HP: 9/25 MP: 0/0
   599 | D:1      | Reached XP level 3. HP: 25/30 MP: 0/0
   599 | D:1      | Learned a level 1 spell: Sting
  1166 | D:2      | Identified the +5 whip of Living Offence {elec, rPois rF-
                  | rCorr Int+6}
  1195 | D:2      | Reached XP level 4. HP: 32/35 MP: 0/0
  1683 | D:3      | Found Rorar's Assorted Antiques.
  1687 | D:3      | Reached skill level 1 in Dodging
  2016 | D:3      | Found a glowing silver altar of Zin.
  2199 | D:3      | Noticed Jessica
  2204 | D:3      | Killed Jessica
  2205 | D:3      | Reached skill level 1 in Maces & Flails
  2205 | D:3      | Reached XP level 5. HP: 40/40 MP: 0/0
  2205 | D:3      | Learned a level 2 spell: Blink
  2442 | D:3      | Found a faded altar of an unknown god.
  2516 | D:3      | Reached XP level 6. HP: 19/46 MP: 0/0
  3320 | D:4      | Found Qemenid's Overcharged Wands.
  3388 | D:4      | Noticed Ijyb
  3388 | D:4      | Noticed Natasha
  3392 | D:4      | Killed Ijyb
  3400 | D:4      | Noticed Sigmund
  3403 | D:4      | Killed Natasha
  3407 | D:4      | Killed Sigmund
  3408 | D:4      | Reached XP level 7. HP: 29/50 MP: 0/0
  3408 | D:4      | Learned a level 2 spell: Momentum Strike
  3570 | D:4      | Noticed Natasha
  3576 | D:4      | Killed Natasha
  3658 | D:4      | Found a runed translucent door.
  3659 | D:4      | Noticed Crazy Yiuf
  3928 | D:4      | Noticed Natasha
  3933 | D:4      | Killed Natasha
  3996 | D:4      | Killed Crazy Yiuf
  4051 | D:5      | Entered Level 5 of the Dungeon
  4185 | D:5      | You are sucked into a shaft and drop 1 floor!
  4222 | D:6      | Reached XP level 8. HP: 46/56 MP: 0/0
  4697 | D:6      | Reached skill level 5 in Spellcasting
  5128 | D:6      | Found a shimmering altar of Xom.
  5213 | D:7      | Noticed Maggie
  5230 | D:7      | Killed Maggie
  5231 | D:7      | Reached skill level 5 in Maces & Flails
  5231 | D:7      | Reached skill level 5 in Dodging
  5231 | D:7      | Reached XP level 9. HP: 15/61 MP: 0/0
  5231 | D:7      | Learned a level 3 spell: Spider Form
  5499 | D:7      | Found a transporter.
  5502 | D:7      | Noticed osoart's ghost (novice GnSu)
  5866 | D:7      | Found a transporter.
  6357 | D:7      | Found the +7 Throatcutter {drain, coup de grace}
  6357 | D:7      | Noticed a kobold demonologist
  6357 | D:7      | Noticed a kobold demonologist
  6362 | D:7      | Noticed a smoke demon
  6368 | D:7      | Noticed a rust devil
  6373 | D:7      | Noticed a smoke demon
  6415 | D:7      | Killed a kobold demonologist
  6537 | D:7      | Killed a kobold demonologist
  6538 | D:7      | Reached XP level 10. HP: 59/67 MP: 0/0
  6807 | D:8      | Found a hide-covered altar of Uskayaw.
  7315 | D:7      | Gained mutation: You possess an exceptional clarity of
                  | mind. [potion of mutation]
  7315 | D:7      | Gained mutation: You are dopey. (Int -2) [potion of
                  | mutation]
  7315 | D:7      | Gained mutation: You are frail. (-10% HP) [potion of
                  | mutation]
  7547 | D:8      | Found a hazy altar of Hepliaklqana.
  7752 | D:8      | Slain by a wight

Illustrated notes

Levels and vault maps discovered:
D:1:      elethiomel_arrival_quiet, layout_basic
D:2:      layout_rooms, minmay_misc_feat_pillars
D:3:      layout_basic, marbit_many_paths, tgw_sif,
          chequers_ecumenical_altar_lobes, serial_shops, nicolae_diamond_shop,
          kennysheep_generic_room_15
D:4:      layout_cave_pools, nicolae_vehumet_radiance, palyth_stone_intersect,
          nicolae_shop_overcharged_wands, uniq_sigmund, uniq_ijyb, uniq_natasha,
          uniq_crazy_yiuf_cottage
D:5:      layout_gridville, minmay_temple_entry_hall, amcnicky_mini_pool_small
D:6:      layout_gridville, general_overflow_altar
D:7:      layout_loops_ring, gammafunk_ghost_stat_death,
          dilly_guarded_unrand_throatcut, uniq_maggie
D:8:      hellmonk_ruined_rings, layout_basic, nicolae_hepliaklqana_hazy_memory,
          mainiacjoe_overflow_cross_hatched,
          nicolae_uskayaw_murder_on_the_dancefloor

Skill      XL: |  1  2  3  4  5  6  7  8  9 10 |
---------------+-------------------------------+-----
Long Blades    | 3 |  3.7
Spellcasting   | 3 4 5 6 7 |  7.3
Dodging        | 1 2 3 5 6 |  6.7
Maces & Flails | 1 3 5 6 7 |  7.0
Fighting       | |  3.4

Action                   |  1- 3 |  4- 6 |  7- 9 | 10-12 || total
-------------------------+-------+-------+-------+-------++-------
Melee: Falchion          |    37 |       |       |       ||    37
       Whip              |     4 |    33 |   155 |    12 ||   204
       Punch             |       |     1 |       |       ||     1
       Long sword        |       |       |       |    55 ||    55
 Cast: Scorch            |    35 |    56 |    70 |    17 ||   178
       Momentum Strike   |       |       |     2 |       ||     2
       Blink             |       |       |     1 |     3 ||     4
  Use: Scroll            |     4 |     3 |     6 |     8 ||    21
       Potion            |       |     1 |     4 |     3 ||     8
 Stab: Sleeping          |       |     1 |       |       ||     1
Armor: Robe              |    10 |    13 |    76 |     8 ||   107
       Skin              |       |     3 |       |       ||     3
Dodge: Dodged            |    36 |    36 |   125 |    40 ||   237

Table legend: (Time is in decaauts)
 A = Elapsed time spent in this place.
 B = Non-inter-level travel time spent in this place.
 C = Inter-level travel time spent in this place.
 D = Time resting spent in this place.
 E = Time spent auto-exploring this place.
 F = Levels seen in this place.
 G = Mean time per level.
                   A        B        C        D        E       F      G
               +--------+--------+--------+--------+--------+-----+--------+
         Total |   7765 |   7524 |    241 |    894 |   5468 |   8 |  970.6 |
       Dungeon |   7765 |   7524 |    241 |    894 |   5468 |   8 |  970.6 |
               +--------+--------+--------+--------+--------+-----+--------+

Top non-repeatable levels by time:
     D:7: 1786 daAuts
     D:3: 1539 daAuts
     D:4: 1003 daAuts
     D:1: 992 daAuts
     D:6: 951 daAuts
     D:8: 826 daAuts
     D:2: 532 daAuts
     D:5: 132 daAuts
